 Dungeon Crawl Stone Soup version 0.28.0 (webtiles) character file.

Game seed: 10099779467478690545

6036 emikaela the Covert (level 10, -3/72 HPs)
             Began as an Octopode Cinder Acolyte on Feb 11, 2022.
             Was a High Priest of Ignis.
             Slain by an orc warrior (16 damage)
             ... on level 9 of the Dungeon.
             The game lasted 00:32:02 (9845 turns).

emikaela the Covert (Octopode Cinder Acolyte)       Turns: 9845, Time: 00:32:03

Health: -3/72      AC:  8    Str: 20    XL:     10   Next: 86%
Magic:  22/28      EV: 18    Int: 26    God:    Ignis [*****.]
Gold:   276        SH:  0    Dex: 20    Spells: 16/21 levels left

rFire   + . .      SeeInvis .   N - +2 dagger (drain)
rCold   + . .      Faith    .   (no shield)
rNeg    . . .      Spirit   .   (helmet restricted)
rPois   .          Reflect  .   c - amulet of magic regeneration
rElec   .          Harm     .   b - +6 ring of intelligence
rCorr   .          Rampage  .   l - ring of protection from cold
Will    .....                   n - +6 ring of strength
Stlth   ++++++....              H - +4 ring of slaying
HPRegen 0.22/turn               w - +6 ring of dexterity
MPRegen 0.61/turn               K - +6 ring of dexterity
                                M - ring of magical power
                                (no ring)

@: fiery-armoured
A: almost no armour, amphibious, 8 rings, camouflage 1, gelatinous body 1,
(nimble swimmer 1), tentacles
a: Renounce Religion, Fiery Armour, Foxfire Swarm, Rising Flame


You were on level 9 of the Dungeon.
You worshipped Ignis.
Ignis was extremely pleased with you.
You visited 1 branch of the dungeon, and saw 9 of its levels.

You collected 358 gold pieces.
You spent 82 gold pieces at shops.

Inventory:

Hand Weapons
 a - a -1 falchion of flaming
 h - a +2 vampiric hand axe
 m - a +1 war axe of electrocution
 N - a +2 dagger of draining (weapon)
Missiles
 e - 105 bolts
 j - 6 javelins
 r - 7 boomerangs
 s - 372 stones (quivered)
 t - 125 arrows
 y - 25 poisoned darts
 D - 6 curare-tipped darts {!f}
 S - 35 sling bullets
Jewellery
 b - a +6 ring of intelligence (left tentacle)
 c - an amulet of magic regeneration (around mantle)
 l - a ring of protection from cold (right tentacle)
 n - a +6 ring of strength (on tentacle)
 w - a +6 ring of dexterity (on tentacle)
 H - a +4 ring of slaying (on tentacle)
 J - a ring of ice
 K - a +6 ring of dexterity (on tentacle)
 M - a ring of magical power (on tentacle)
Wands
 A - a wand of acid (7)
 F - a wand of flame (46)
 P - a wand of paralysis (4)
Scrolls
 f - 2 scrolls of fear
 g - a scroll of fog
 i - 2 scrolls of amnesia
 p - a scroll of teleportation
 u - a scroll of summoning
 v - 3 scrolls of vulnerability {!r}
 C - a scroll of enchant armour {unknown}
 E - a scroll of immolation {unknown}
 G - a scroll of magic mapping {unknown}
 T - 3 scrolls of torment {!r}
Potions
 d - 6 potions of curing
 k - a potion of magic
 o - a potion of lignification {!q}
 q - 2 potions of attraction {!q}
 z - a potion of resistance
 B - 2 potions of cancellation
 I - a potion of haste {unknown}
 L - a potion of ambrosia {unknown}
Miscellaneous
 x - a tin of tremorstones (2/2)


   Skills:
 + Level 8.1 Fighting
 - Level 3.0 Long Blades
 + Level 7.6 Dodging
 + Level 9.8 Stealth
 - Level 6.0 Spellcasting
 - Level 5.0 Summonings
 - Level 8.0 Fire Magic
 - Level 5.0 Evocations


You had 16 spell levels left.
You knew the following spells:

 Your Spells              Type           Power      Damage    Failure   Level
a - Scorch                Fire           98%        2d9       1%          2
c - Call Canine Familiar  Summ           33%        N/A       2%          3

Your spell library contained the following spells:

 Spells                   Type           Power      Damage    Failure   Level
 Summon Small Mammal      Summ           100%       N/A       1%          1
 Slow                     Hex            28%        N/A       7%          1
 Summon Guardian Golem    Hex/Summ       20%        N/A       8%          3
 Confusing Touch          Hex            7%         N/A       21%         3
 Vampiric Draining        Necr           7%         2d6       21%         3
 Hailstorm                Conj/Ice       7%         3d4       56%         4
 Ice Form                 Ice/Tmut       7%         N/A       56%         4
 Simulacrum               Ice/Necr       3%         N/A       100%        6


Dungeon Overview and Level Annotations

Branches:
Dungeon (9/15)             Temple (0/1) D:5
   Lair: D:8-11         Orc: D:9-12

Altars:
Gozag
Nemelex Xobeh

Shops:
D:2 ?

Annotations:
D:4 Sigmund
D:7 exclusion: cyclops, Dowan, Duvessa
D:8 2 transporters, Psyche


Innate Abilities, Weirdness & Mutations

You cannot wear most types of armour.
You are amphibious.
You can wear up to eight rings at the same time.
Your skin changes colour to match your surroundings (Stealth+).
Your rubbery body absorbs attacks. (AC +1, EV +1)
((You are camouflaged when in or above water. (Stealth+)))
You have tentacles for arms and can constrict up to eight enemies at once.


Message History

Casting: Scorch (safe; 1% risk of failure)
Confirm with . or Enter, or press ? or * to list all spells.
Flames lash the orc.
You kill the orc!
Casting: Scorch (safe; 1% risk of failure)
Confirm with . or Enter, or press ? or * to list all spells.
Flames lash the orc warrior.
The orc warrior is moderately wounded.
The orc warrior's fire resistance burns away.
A wyvern comes into view.
The orc warrior throws a boomerang.
The boomerang misses you.
Casting: Scorch (safe; 1% risk of failure)
Confirm with . or Enter, or press ? or * to list all spells.
Okay, then.
You hit the wyvern. You squeeze the wyvern.
The wyvern is lightly wounded.
The wyvern closely misses you.
You hit the wyvern but do no damage.
The wyvern is lightly wounded.
The wyvern closely misses you.
The orc warrior hits you from afar with a +0 glaive!
You hit the wyvern.
The wyvern is moderately wounded.
The wyvern bites you!!
The wyvern bites you but does no damage.
The orc warrior misses you.
The orc warrior is no longer more vulnerable to fire.
The wyvern misses you. The wyvern bites you!
The orc wizard casts a spell at you. The puff of flame misses you.
A protective cloak of flame settles atop you.
The wyvern bites you!
* * * LOW HITPOINT WARNING * * *
The wyvern is burned by your cloak of flames.
The wyvern is moderately wounded.
The orc wizard points at you and mumbles some strange words.
You easily resist.
The orc warrior hits you from afar with a +0 glaive!
You die...

#..#.#.#..........
...................
.#.#...).......^....
......).............
....................
....................
.........oo................#
...........l................
...........@................
.###########................
#................
#................
#................
#...............)
#................
#..............[.
#................


You could see an orc warrior, a wyvern and an orc wizard.

Vanquished Creatures
  A two-headed ogre (D:9)
  Maggie (D:8)
  A hornet (D:8)
  Prince Ribbit (D:7)
  Grinder (D:4)
  A wraith (D:8)
  2 shadows
  A steam dragon (D:8)
  Eustachio (D:6)
  An acid dragon (D:8)
  4 ice beasts
  An orc warrior (D:8)
  4 ogres
  A hornet zombie (D:7)
  2 necrophages
  2 centaurs (D:7)
  A phantom (D:6)
  2 bullfrogs (D:7)
  A kobold brigand (D:8)
  2 wyvern zombies
  A gnoll sergeant (D:7)
  A water moccasin skeleton (D:5)
  5 wights
  A bullfrog zombie (D:5)
  2 centaur zombies
  5 hounds
  7 jellies
  A gnoll shaman (D:5)
  3 orc priests
  2 iguanas (D:5)
  A scorpion zombie (D:5)
  Jessica (D:3)
  2 centaur skeletons
  Natasha (thrice) (D:3)
  6 orc wizards
  A hound skeleton (D:5)
  A mummy (D:8)
  A howler monkey zombie (D:7)
  9 gnolls
  A howler monkey skeleton (D:6)
  9 adders
  2 worms (D:2)
  3 dart slugs
  28 orcs
  4 bats
  7 endoplasms
  2 giant cockroaches (D:1)
  11 hobgoblins
  5 jackals
  2 quokkas
  8 ball pythons
  2 frilled lizards (D:2)
  10 goblins
  2 hobgoblin zombies (D:8)
  11 kobolds
  2 kobold zombies (D:8)
  A rat (D:1)
194 creatures vanquished.

Vanquished Creatures (others)
  10 plants (D:3)
10 creatures vanquished.

Grand Total: 204 creatures vanquished

Notes
Turn   | Place    | Note
-------+----------+-------------------------------------------
     0 | D:1      | emikaela the Octopode Cinder Acolyte began the quest for
                  | the Orb.
     0 | D:1      | Reached XP level 1. HP: 16/16 MP: 2/2
   249 | D:1      | Found a faded altar of an unknown god.
   265 | D:1      | Reached skill level 1 in Stealth
   265 | D:1      | Reached XP level 2. HP: 18/21 MP: 3/3
   268 | D:1      | Learned a level 2 spell: Scorch
   713 | D:1      | Reached skill level 1 in Dodging
   899 | D:1      | Reached XP level 3. HP: 15/26 MP: 1/4
  1223 | D:2      | Reached skill level 2 in Stealth
  1234 | D:2      | Reached XP level 4. HP: 31/31 MP: 0/5
  1241 | D:2      | Found Wuugum's Magic Scroll Shop.
  1249 | D:2      | Bought a scroll of fog for 22 gold pieces
  1249 | D:2      | Bought a scroll of identify for 22 gold pieces
  1702 | D:2      | Found an opulent altar of Gozag.
  2066 | D:2      | Bought a scroll of amnesia for 38 gold pieces
  2151 | D:3      | Noticed Natasha
  2157 | D:3      | Noticed Jessica
  2159 | D:3      | Killed Jessica
  2160 | D:3      | Reached skill level 3 in Stealth
  2160 | D:3      | Reached XP level 5. HP: 37/37 MP: 2/6
  2778 | D:3      | Reached XP level 6. HP: 43/43 MP: 4/7
  2830 | D:3      | Killed Natasha
  2881 | D:3      | Noticed Natasha
  2886 | D:3      | Killed Natasha
  2887 | D:3      | Reached skill level 4 in Stealth
  3053 | D:3      | Noticed Natasha
  3056 | D:3      | Killed Natasha
  3327 | D:4      | Noticed a necrophage
  3374 | D:4      | Noticed Sigmund
  3462 | D:4      | Noticed Grinder
  3467 | D:4      | Killed Grinder
  3468 | D:4      | Reached skill level 1 in Evocations
  3468 | D:4      | Reached XP level 7. HP: 29/49 MP: 8/8
  3623 | D:4      | Reached skill level 5 in Stealth
  3846 | D:4      | Reached skill level 7 in Stealth
  3846 | D:4      | Reached skill level 5 in Spellcasting
  3846 | D:4      | Reached XP level 8. HP: 60/60 MP: 8/15
  4072 | D:4      | Learned a level 3 spell: Call Canine Familiar
  4469 | D:5      | Entered Level 5 of the Dungeon
  4792 | D:5      | Reached XP level 9. HP: 61/64 MP: 10/16
  5028 | D:5      | Reached skill level 1 in Summonings
  5243 | D:5      | Reached skill level 5 in Evocations
  5306 | D:5      | Found a staircase to the Ecumenical Temple.
  5528 | D:5      | Reached skill level 8 in Stealth
  6034 | D:6      | Noticed Eustachio
  6039 | D:6      | Killed Eustachio
  7096 | D:7      | Found a sparkling altar of Nemelex Xobeh.
  7114 | D:7      | Reached XP level 10. HP: 72/72 MP: 12/18
  7115 | D:7      | Noticed Prince Ribbit
  7327 | D:7      | Noticed Dowan
  7509 | D:7      | Noticed a cyclops
  7544 | D:7      | Killed Prince Ribbit
  7710 | D:7      | Paralysed by a gnoll for 5 turns
  8343 | D:7      | Noticed Duvessa
  9050 | D:8      | Reached skill level 9 in Stealth
  9298 | D:8      | Found a transporter.
  9315 | D:8      | Noticed Maggie
  9333 | D:8      | Found a transporter.
  9334 | D:8      | Noticed a boulder beetle
  9344 | D:8      | Noticed Psyche
  9387 | D:8      | Killed Maggie
  9769 | D:9      | Noticed a two-headed ogre
  9775 | D:9      | Killed a two-headed ogre
  9776 | D:9      | Reached skill level 5 in Summonings
  9845 | D:9      | Slain by an orc warrior

Illustrated notes

Levels and vault maps discovered:
D:1:      lightli_arrival_statuegarden, layout_basic,
          hellmonk_ecumenical_altar_run_dry
D:2:      layout_basic, serial_shops, shop, basic_altar,
          hangedman_abyss_or_decor_stabs
D:3:      layout_loops_ring, chequers_big_river, uniq_jessica, uniq_natasha
D:4:      layout_loops_ring, uniq_sigmund, uniq_grinder
D:5:      minmay_octagon_keep, layout_basic, temple_statues
D:6:      layout_basic, uniq_eustachio
D:7:      layout_basic, nemelex_xobeh_ov_fountains_minmay, dk_noncrumbling_3,
          minmay_quadrilaterals, uniq_crazy_yiuf_cottage, uniq_prince_ribbit1,
          uniq_duvessa
D:8:      gammafunk_boulding_lane, layout_gridville, minmay_mini_ossuary,
          uniq_psyche, uniq_maggie
D:9:      layout_long_grid, gammafunk_temple_overflow_pools, erik_lair_dragon,
          orc_0_dummy, gammafunk_ghost_hydra_chop, hangedman_decor_points

Skill      XL: |  1  2  3  4  5  6  7  8  9 10 |
---------------+-------------------------------+-----
Stealth        | 1 2 3 4 7 8 9 |  9.8
Dodging        | 1 2 3 6 7 |  7.6
Fighting       | 4 7 8 |  8.1
Fire Magic     | 4 7 8 |  8.0
Evocations     | 1 4 5 |  5.0
Spellcasting   | 5 6 |  6.0
Summonings     | 2 5 |  5.0
Long Blades    | |  3.0

Action                   |  1- 3 |  4- 6 |  7- 9 | 10-12 || total
-------------------------+-------+-------+-------+-------++-------
Melee: Falchion          |    32 |       |       |       ||    32
       Constrict         |    12 |     9 |    14 |     7 ||    42
       Punch             |     1 |     2 |     1 |       ||     4
       Hand axe          |    17 |    32 |       |       ||    49
       Tentacles         |     4 |     8 |    18 |    13 ||    43
       War axe           |       |     8 |    63 |    42 ||   113
       Dagger            |       |       |       |     4 ||     4
 Cast: Scorch            |     9 |    41 |    78 |    68 ||   196
       Call Canine Famil |       |       |       |     1 ||     1
Invok: Fiery Armour      |       |       |       |     2 ||     2
Evoke: Wand              |       |       |       |     1 ||     1
  Use: Scroll            |       |     8 |     4 |     2 ||    14
       Potion            |       |       |     1 |     1 ||     2
 Stab: Sleeping          |     5 |    10 |    15 |    11 ||    41
       Paralysed         |       |       |       |     3 ||     3
Armor: Skin              |     3 |     3 |     2 |     2 ||    10
Dodge: Dodged            |    28 |    10 |    55 |    63 ||   156
